 Dungeon Crawl Stone Soup version 0.30-a0-154-gb106f4c828 (webtiles) character file.

Game seed: 18287037262265749291

179336 RepoMan the Green Death (level 17, -19/135 HPs)
             Began as a Mummy Necromancer on Sept 26, 2022.
             Was a High Priest of Fedhas.
             Killed from afar by a deep elf annihilator (61 damage)
             ... with a crystal spear
             ... on level 1 of the Elven Halls on Sept 27, 2022.
             The game lasted 04:29:22 (38294 turns).

RepoMan the Green Death (Mummy Necromancer)        Turns: 38294, Time: 04:29:23

Health: -19/135    AC: 26    Str: 18    XL:     17   Next: 29%
Magic:  29/29      EV:  8    Int: 14    God:    Fedhas [*****.]
Gold:   1307       SH:  5    Dex: 17    Spells: 8/21 levels left

rFire   + . .      SeeInvis .    O - +8 demon trident "Boesk" {venom, Dex+3}
rCold   + . .      Faith    +    (no shield)
rNeg    + + +      Spirit   .    q - +1 plate armour {Will+}
rPois   ∞          Reflect  +    v - +1 helmet
rElec   .          Harm     .    u - +2 cloak
rCorr   .          Rampage  .    y - +1 pair of gloves {Stlth+}
Will    +++..                    g - +2 pair of boots {Fly}
Stlth   ..........               i - amulet of reflection
HPRegen 0.32/turn                k - ring of protection from fire
MPRegen 0.21/turn                f - ring of protection from fire

@: flying
A: cold resistance 1, negative energy resistance 3, torment resistance 2, heat
vulnerability 1, in touch with death 2, no potions, faith
}: 1/15 runes: decaying
a: Renounce Religion, Wall of Briars, Grow Ballistomycete, Overgrow, Grow Oklob


You were on level 1 of the Elven Halls.
You worshipped Fedhas.
Fedhas was extremely pleased with you.
You visited 6 branches of the dungeon, and saw 28 of its levels.

You collected 2750 gold pieces.
You spent 1443 gold pieces at shops.

Inventory:

Hand Weapons
 O - the +8 demon trident "Boesk" (weapon) {venom, Dex+3}
   (You acquired it on level 6 of the Dungeon)

   It poisons the flesh of those it strikes.
   Dex:       It affects your dexterity (+3).
Missiles
 w - 29 poisoned darts
 D - 7 curare-tipped darts
 E - a throwing net
Armour
 c - a +1 buckler of fire resistance
 d - the +0 robe "Sasirpha" {rC++ Stlth-}
   (You found it on level 5 of the Lair of Beasts)

   rC:        It greatly protects you from cold.
   Stlth:     It makes you less stealthy.
 e - a +3 troll leather armour {Snorg}
 g - a +2 pair of boots of flying (worn)
 n - a +2 robe of cold resistance
 q - a +1 plate armour of willpower (worn)
 u - a +2 cloak (worn)
 v - a +1 helmet (worn)
 y - a +1 pair of gloves of stealth (worn)
 J - a +0 plate armour of fire resistance
 L - a +2 robe of willpower
 P - a +1 hat of intelligence
Jewellery
 f - a ring of protection from fire (right hand)
 i - an amulet of reflection (around neck)
 k - a ring of protection from fire (left hand)
 m - a ring of magical power
 F - a ring of willpower
 H - a ring of the Octopus King {Wiz HP+2 AC+2 EV+2 SH+2}
   (You found it on level 5 of the Lair of Beasts)

   [ring of wizardry]

   It improves your spell success rate.
   AC:        It affects your AC (+2).
   EV:        It affects your evasion (+2).
   HP:        It affects your health (+2).
   SH:        It affects your SH (+2).
Wands
 h - a wand of charming (16)
 j - a wand of flame (36)
 o - a wand of digging (1)
 z - a wand of light (3)
 A - a wand of mindburst (18)
 G - a wand of iceblast (38)
 K - a wand of polymorph (6)
Scrolls
 a - 6 scrolls of magic mapping
 b - a scroll of summoning
 l - 2 scrolls of identify
 p - 2 scrolls of enchant armour
 r - 3 scrolls of vulnerability
 s - 5 scrolls of amnesia
 t - 6 scrolls of teleportation
 x - 5 scrolls of enchant weapon
 B - 2 scrolls of torment
 C - a scroll of brand weapon
 I - 2 scrolls of poison
 M - a scroll of fog
Miscellaneous
 N - a phantom mirror


   Skills:
 + Level 12.5 Fighting
 + Level 15.1 Polearms
 * Level 8.1 Armour
 + Level 6.9 Dodging
 - Level 1.5 Stealth
 - Level 2.6 Spellcasting
 - Level 13.3 Necromancy
 + Level 17.3 Invocations


You had 8 spell levels left.
You knew the following spells:

 Your Spells              Type           Power      Damage    Failure   Level
c - Cigotuvi's Dreadful   Necr/Pois/Air  64%        N/A       82%         2
n - Necrotise             Necr           100%       1d9       2%          1
s - Sting                 Tmut/Pois      4%         1d3       99%         1
u - Dispel Undead         Necr           73%        3d24      26%         4
v - Vampiric Draining     Necr           73%        2d11      8%          3
w - Passwall              Tmut/Erth      0%         N/A       100%        2

Your spell library contained the following spells:

 Spells                   Type           Power      Damage    Failure   Level
 Animate Dead             Necr           73%        N/A       26%         4
 Agony                    Necr           73%        N/A       56%         5
 Anguish                  Hex/Necr       23%        N/A       98%         4
 Death Channel            Necr           36%        N/A       98%         6
 Ensorcelled Hibernation  Hex/Ice        2%         N/A       100%        2
 Poisonous Vapours        Pois/Air       2%         N/A       100%        2
 Static Discharge         Conj/Air       2%         2-3/arc   100%        2
 Frozen Ramparts          Ice            2%         1d1       100%        3
 Gell's Gravitas          Tloc           1%         N/A       100%        3
 Ignite Poison            Fire/Tmut/Pois 1%         N/A       100%        3
 Lesser Beckoning         Tloc           1%         N/A       100%        3
 Mephitic Cloud           Conj/Pois/Air  1%         N/A       100%        3
 Swiftness                Air            1%         N/A       100%        3
 Teleport Other           Tloc           1%         N/A       100%        3
 Olgreb's Toxic Radiance  Pois           1%         N/A       100%        4
 Petrify                  Tmut/Erth      1%         N/A       100%        4
 Summon Ice Beast         Ice/Summ       1%         N/A       100%        4
 Arcjolt                  Conj/Air       0%         1d10      100%        5
 Freezing Cloud           Conj/Ice/Air   0%         6-21      100%        5
 Lightning Bolt           Conj/Air       0%         1d11      100%        5
 Metabolic Englaciation   Hex/Ice        0%         N/A       100%        5
 Maxwell's Capacitive Co  Air            0%         ∞         100%        8
 Spider Form              Tmut/Pois      Unusable   N/A       N/A         3
 Ice Form                 Ice/Tmut       Unusable   N/A       N/A         4
 Statue Form              Tmut/Erth      Unusable   N/A       N/A         6

Dungeon Overview and Level Annotations

Branches:
Dungeon (15/15)            Temple (1/1) D:6            Lair (5/5) D:8
  Swamp (4/4) Lair:2       Spider (0/4) Lair:2        Slime (0/5) Lair:4
    Orc (2/2) D:12            Elf (1/3) Orc:2        Vaults (0/5) D:13
 Depths (0/4) D:15

Altars:
Ashenzari
Cheibriados
Dithmenos
Fedhas
Gozag
Hepliaklqana
Kikubaaqudgha
Makhleb
Nemelex Xobeh
Okawaru
Qazlal
Ru
Sif Muna
Vehumet
Wu Jian
Xom

Shops:
D:2 :   D:6 *   Orc:2 =[=?

Annotations:
D:11 2 transporters, Ijustatesigmund's ghost, journeyman GrFi
D:13 6 runed translucent doors
Lair:1 exclusion: death yak
Swamp:3 3 runed translucent doors, Gydif's ghost, adept DsGl


Innate Abilities, Weirdness & Mutations

You are immune to poison.
Your flesh is cold resistant. (rC+)
You are immune to negative energy. (rN+++)
You are immune to unholy pain and torment.
You are vulnerable to heat. (rF-)
You are strongly in touch with the powers of death.
You do not drink.
You have a special connection with the divine. (Faith)


Message History

The deep elf annihilator blinks!
Reach: O) +8 demon trident "Boesk" {venom, Dex+3}
Press: ? - help, Dir - move target, f/p - deep elf annihilator
Aim: a deep elf annihilator, wielding a +0 long sword (moderately wounded, blind, very poisoned, about 30% to evade the +8 demon trident "Boesk")
You reach to attack!
You completely miss the deep elf annihilator.
The deep elf annihilator is moderately wounded.
Reach: O) +8 demon trident "Boesk" {venom, Dex+3}
Press: ? - help, Dir - move target, f/p - deep elf annihilator
Aim: a deep elf annihilator, wielding a +0 long sword (moderately wounded, blind, very poisoned, about 30% to evade the +8 demon trident "Boesk")
You reach to attack!
You barely miss the deep elf annihilator.
The deep elf annihilator is moderately wounded.
You hit the deep elf annihilator.
The deep elf annihilator looks as sick as possible!
The deep elf annihilator is moderately wounded.
You puncture the deep elf annihilator!
The deep elf annihilator looks as sick as possible!
The deep elf annihilator is heavily wounded.
You block the deep elf annihilator's attack.
You barely miss the deep elf annihilator.
The deep elf annihilator is heavily wounded.
The deep elf annihilator gestures at you while chanting.
The iron shot hits you!!
Unknown command.
You hit the deep elf annihilator.
The deep elf annihilator looks as sick as possible!
The deep elf annihilator is heavily wounded.
You strike the helpless deep elf annihilator from behind!
You impale the deep elf annihilator!!
The deep elf annihilator looks as sick as possible!
The deep elf annihilator is almost dead.
The deep elf annihilator casts a spell at you.
The crystal spear hits you!!!
Unknown command.
The deep elf annihilator is no longer blind.
The deep elf annihilator gestures at you while chanting.
The crystal spear hits you!!!
You die...
Fedhas appreciates your contribution to the ecosystem.

#.# ##.....## #.........#
.# ..# ##..)## ##.......##
.. #.# ##'#######.......#
.. #.# #)# #...#......##
..# ###.###.#.#......# ###
#.....(.........#
#.#.####+####.#.#
##...#.......#...#
##..###.#e.@#.###.#
######...#........(..#.#
.........#.#..#'#..#.#.###
#####....#...##$##...#...#
#..#.)...+.:.+...'.#.#
#.[..#...##)##...#...#
####.#.#..#+#..#.#.### #.#
. ........#.. #.#
#.#...#.###..#


You could see a deep elf annihilator (extremely poisoned).

Vanquished Creatures
  Nikola (Swamp:1)
  Kirke (D:13)
  2 ghouls (Swamp:3)
  7 eleionomae
  4 bunyips
  21 hydras
  5 ogre magi
  3 ghost crabs
  A merfolk avatar (Lair:5)
  2 catoblepae
  A vault guard (D:13)
  An ice dragon (D:11)
  2 centaur warriors
  8 alligators
  18 two-headed ogres
  5 boulder beetles
  A death knight (D:11)
  A tengu warrior (D:14)
  6 death yaks
  An orc high priest (Orc:2)
  A deep elf knight (Elf:1)
  Nergalle (D:10)
  Amaemon (Lair:1)
  5 goliath frogs
  4 spriggan druids
  A death drake (Lair:2)
  12 swamp dragons
  5 bog bodies
  2 lindwurms
  A wizard (D:15)
  Pikel (D:7)
  2 orc knights
  A necromancer (D:15)
  6 deep elf pyromancers
  7 deep elf zephyrmancers
  2 harpies (Lair:5)
  12 orc sorcerers
  20 ugly things
  A wolf spider (D:13)
  6 manticores
  7 cyclopes
  3 will-o-the-wisps
  2 centaur zombies (D:15)
  17 elephants
  An orange demon (Lair:1)
  2 torpor snails
  5 black mambas
  A centaur skeleton (D:15)
  2 gargoyles (D:13)
  10 cane toads
  An unseen horror (D:13)
  Psyche (D:9)
  6 komodo dragons
  2 tengu conjurers (D:14)
  An efreet (D:14)
  9 rime drakes
  A hellwing (D:13)
  A queen bee (shapeshifter) (D:15)
  2 queen bees
  3 meliai (Lair:3)
  7 trolls
  5 polar bears
  2 wind drakes (Lair:5)
  7 tyrant leeches
  A tarantella (D:13)
  6 hornets
  18 blink frogs
  11 slime creatures
  A slime creature (shapeshifter) (D:11)
  4 jumping spiders
  48 yaks
  3 hogs (D:13)
  3 shadows
  2 wraiths
  5 spriggans
  4 wyverns
  3 humans (D:13)
  A golden eye (shapeshifter) (D:13)
  11 vampire mosquitoes
  5 basilisks
  3 redbacks
  A redback (shapeshifter) (D:15)
  Grum (D:7)
  3 steam dragons
  Edmund (D:5)
  12 swamp worms
  4 acid dragons
  9 water moccasins
  Duvessa (D:5)
  24 orc warriors
  A sky beast (D:7)
  5 swamp drakes
  An ice beast (D:6)
  A black bear (D:7)
  15 wolves
  18 ogres
  A centaur (D:11)
  Blork the orc (D:5)
  A kobold brigand (D:11)
  7 bullfrogs
  3 necrophages
  A scorpion (shapeshifter) (D:15)
  5 wights (D:7)
  Dowan (D:5)
  45 killer bees
  6 howler monkeys
  3 hounds
  13 orc priests
  An iguana (D:6)
  32 orc wizards
  10 hell rats
  Robin (D:3)
  9 gnolls
  10 adders
  A shadow imp (D:5)
  A white imp (D:6)
  2 worms
  2 dart slugs
  81 orcs
  4 bats
  5 endoplasms
  4 giant cockroaches
  9 goblins
  6 hobgoblins
  11 jackals
  6 quokkas
  5 ball pythons
  2 frilled lizards (D:1)
  7 kobolds
  5 rats (D:1)
  4 ballistomycete spores
811 creatures vanquished.

Vanquished Creatures (collateral kills)
  A centaur warrior (D:14)
  A dancing weapon (Elf:1)
  2 alligators
  A death yak (Lair:5)
  A deep elf zephyrmancer (Elf:1)
  A deep elf pyromancer (D:15)
  An ugly thing (D:15)
  A cyclops (D:15)
  An elephant (Lair:3)
  A tengu conjurer (D:14)
  2 blink frogs
  6 yaks
  A basilisk (Lair:5)
  5 water moccasins
  A wolf (Lair:1)
  A kobold brigand (D:6)
  A necrophage (Swamp:3)
  2 killer bees (Lair:3)
  A gnoll bouda (D:10)
  An orc priest (Orc:2)
  4 orc wizards
  A hell rat (Lair:3)
  13 orcs
  A ball python (D:1)
  An endoplasm (D:4)
  2 goblins (D:3)
  3 hobgoblins
  5 kobolds (D:6)
  A rat (D:2)
  279 ballistomycete spores
342 creatures vanquished.

Vanquished Creatures (others)
  A thorn hunter (Swamp:4)
  A swamp dragon (Swamp:2)
  A bog body (Swamp:4)
  A cyclops (D:13)
  3 bloated husks
  3 vampire mosquitoes (Swamp:2)
  A swamp worm (Swamp:3)
  2 swamp drakes
  An orc (Orc:2)
  A kobold (D:6)
  20 ballistomycete spores
  A bush (Lair:2)
  12 foxfires
  36 fungi
  116 plants
200 creatures vanquished.

Grand Total: 1353 creatures vanquished

Notes
Turn   | Place    | Note
-------+----------+-------------------------------------------
     0 | D:1      | RepoMan the Mummy Necromancer began the quest for the Orb.
     0 | D:1      | Reached XP level 1. HP: 13/13 MP: 4/4
   230 | D:1      | Reached XP level 2. HP: 18/19 MP: 2/5
   679 | D:1      | Found an opulent altar of Gozag.
   830 | D:2      | Reached skill level 5 in Necromancy
   903 | D:2      | Found Mereope's Book Boutique.
   912 | D:2      | Gained mutation: You are in touch with the powers of death.
                  | [Mummy growth]
   912 | D:2      | Reached XP level 3. HP: 21/24 MP: 2/7
   925 | D:2      | Learned a level 3 spell: Vampiric Draining
   927 | D:2      | Learned a level 1 spell: Sting
  1631 | D:2      | Found a faded altar of an unknown god.
  1677 | D:3      | Noticed Robin
  1707 | D:3      | Reached XP level 4. HP: 22/30 MP: 4/8
  2151 | D:3      | Killed Robin
  2804 | D:4      | Reached XP level 5. HP: 35/35 MP: 5/9
  3115 | D:4      | Noticed a water moccasin
  3122 | D:4      | Killed a water moccasin
  3247 | D:4      | Reached XP level 6. HP: 41/41 MP: 4/10
  3693 | D:5      | Entered Level 5 of the Dungeon
  3722 | D:5      | Found a hazy altar of Hepliaklqana.
  3776 | D:5      | Noticed Duvessa
  3794 | D:5      | Killed Duvessa
  3796 | D:5      | Noticed Dowan
  4219 | D:6      | Noticed a water moccasin
  4231 | D:6      | Killed a water moccasin
  4232 | D:6      | Reached XP level 7. HP: 25/46 MP: 5/11
  4405 | D:6      | Noticed a steam dragon
  4502 | D:6      | Found Burut's Assorted Antiques.
  4797 | D:5      | Noticed Blork the orc
  4804 | D:5      | Killed Blork the orc
  4960 | D:5      | Found a stormy altar of Qazlal.
  4961 | D:5      | Found a shimmering altar of Xom.
  4974 | D:5      | Killed Dowan
  5147 | D:6      | Killed a steam dragon
  5148 | D:6      | Reached skill level 10 in Necromancy
  5354 | D:6      | Reached XP level 8. HP: 52/52 MP: 10/12
  5470 | D:6      | Found a staircase to the Ecumenical Temple.
  5479 | Temple   | Entered the Ecumenical Temple
  5502 | Temple   | Became a worshipper of Fedhas Madash
  6519 | D:7      | Reached * piety under Fedhas
  6520 | D:7      | Reached skill level 1 in Fighting
  6520 | D:7      | Reached skill level 1 in Invocations
  6881 | D:7      | Reached skill level 2 in Invocations
  7152 | D:2      | Bought a book of Decay for 300 gold pieces
  7157 | D:2      | Learned a level 4 spell: Dispel Undead
  7160 | D:2      | Learned a level 2 spell: Cigotuvi's Dreadful Rot
  7273 | D:5      | Noticed Edmund
  7418 | D:7      | Reached skill level 3 in Invocations
  7570 | D:8      | Noticed Grum
  7575 | D:7      | Killed Grum
  7576 | D:7      | Reached XP level 9. HP: 35/62 MP: 3/13
  7733 | D:8      | Noticed a two-headed ogre
  7793 | D:8      | Noticed Pikel
  7829 | D:7      | Killed Pikel
  7830 | D:7      | Reached skill level 4 in Invocations
  8176 | D:8      | Reached skill level 5 in Invocations
  8349 | D:8      | Reached ** piety under Fedhas
  8482 | D:8      | Found a shadowy altar of Dithmenos.
  8788 | D:8      | Killed a two-headed ogre
  8789 | D:8      | Reached skill level 6 in Invocations
  8972 | D:8      | Found a staircase to the Lair.
  9089 | D:9      | Reached XP level 10. HP: 73/73 MP: 6/14
  9165 | D:9      | Reached skill level 5 in Fighting
  9564 | D:9      | Noticed Psyche
  9581 | D:9      | Killed Psyche
  9582 | D:9      | Reached skill level 7 in Invocations
 10541 | D:10     | Entered Level 10 of the Dungeon
 10570 | D:10     | Noticed a two-headed ogre
 11039 | D:10     | Identified a scroll of acquirement
 11039 | D:10     | Acquired a manual of Invocations
 11246 | D:11     | Noticed Nergalle
 11247 | D:11     | Noticed a cyclops
 11279 | D:10     | Killed Nergalle
 11280 | D:10     | Reached skill level 8 in Invocations
 11399 | D:11     | Noticed a cyclops
 11422 | D:11     | Killed a cyclops
 11666 | D:11     | Noticed a manticore
 11688 | D:11     | Killed a manticore
 11689 | D:11     | Reached skill level 9 in Invocations
 11797 | D:11     | Noticed Maurice
 11804 | D:11     | Maurice changed into Maurice the wyvern
 11804 | D:11     | Noticed Maurice
 11811 | D:11     | Killed Maurice the wyvern
 11811 | D:11     | Reached *** piety under Fedhas
 12029 | D:11     | Noticed a sea snake
 12030 | D:11     | a sea snake changed into a merfolk
 12065 | D:11     | Noticed a boulder beetle
 12066 | D:11     | Noticed a cyclops
 12076 | D:11     | Noticed a cyan ugly thing
 12085 | D:11     | Killed a boulder beetle
 12086 | D:11     | Reached skill level 10 in Invocations
 12086 | D:11     | Reached XP level 11. HP: 45/83 MP: 1/18
 12244 | D:11     | Noticed an ice dragon
 12259 | D:11     | Noticed a six-headed hydra
 12345 | Lair:1   | Entered Level 1 of the Lair of Beasts
 12364 | Lair:1   | Upgraded the game from 0.30-a0-142-g7370640ec8 to
                  | 0.30-a0-154-gb106f4c828
 12414 | Lair:1   | Reached skill level 1 in Polearms
 12589 | Lair:1   | Noticed Amaemon
 12631 | Lair:1   | Killed Amaemon
 12871 | Lair:1   | Noticed a death yak
 13191 | Lair:1   | You are sucked into a shaft and drop 1 floor!
 13808 | Lair:1   | Noticed a death yak
 13808 | Lair:1   | Noticed a death yak
 13808 | Lair:1   | Noticed a death yak
 13824 | Lair:1   | Noticed a death yak
 13898 | Lair:2   | Noticed a bog body
 13900 | Lair:2   | Found a staircase to the Swamp.
 13907 | Lair:2   | Killed a bog body
 13916 | Lair:2   | Noticed Sonja
 13917 | Lair:2   | Sonja changed into Sonja the death drake
 13917 | Lair:2   | Noticed Sonja
 13932 | Lair:2   | Killed Sonja the death drake
 13933 | Lair:2   | Reached skill level 11 in Invocations
 14481 | Lair:2   | Reached skill level 5 in Polearms
 14812 | Lair:2   | Noticed a lindwurm
 14826 | Lair:2   | Killed a lindwurm
 15035 | Lair:2   | Reached XP level 12. HP: 86/93 MP: 8/20
 15273 | Lair:2   | Found a hole to the Spider Nest.
 15526 | Lair:3   | Reached skill level 12 in Invocations
 15979 | Lair:3   | Reached **** piety under Fedhas
 16674 | Lair:3   | Reached skill level 13 in Invocations
 17449 | Lair:3   | Reached ***** piety under Fedhas
 17912 | Lair:4   | Noticed a death yak
 18216 | Lair:4   | Found a staircase to the Slime Pits.
 18342 | Lair:4   | Noticed a five-headed hydra
 18346 | Lair:4   | Gained mutation: You are strongly in touch with the powers
                  | of death. [Mummy growth]
 18346 | Lair:4   | Reached XP level 13. HP: 103/103 MP: 15/23
 18518 | Lair:4   | Reached skill level 14 in Invocations
 19621 | Lair:5   | Entered Level 5 of the Lair of Beasts
 19646 | Lair:5   | Reached skill level 10 in Polearms
 19963 | Lair:5   | Reached skill level 15 in Invocations
 20194 | Lair:5   | Identified the +5 dagger of Instant Death {freeze, Stlth+}
 20387 | Lair:5   | Reached XP level 14. HP: 92/109 MP: 9/25
 21066 | Lair:5   | Found the ring of the Octopus King
 21068 | Lair:5   | Identified the +0 robe "Sasirpha" {rC++ Stlth-}
 21079 | Lair:5   | Identified a ring of the Octopus King {Wiz HP+2 AC+2 EV+2
                  | SH+2}
 21085 | Lair:5   | Identified the +8 dagger of the Twisting Enemy {freeze, rN+
                  | Int+4}
 21969 | D:5      | Killed Edmund
 22662 | D:10     | Found a shimmering blue altar of Sif Muna.
 23119 | D:11     | Found a transporter.
 23131 | D:11     | Found a transporter.
 23168 | D:11     | Noticed Ijustatesigmund's ghost (journeyman GrFi)
 23455 | D:11     | Learned a level 2 spell: Passwall
 24286 | D:12     | Found a staircase to the Orcish Mines.
 24335 | Orc:1    | Entered Level 1 of the Orcish Mines
 24810 | Orc:2    | Entered Level 2 of the Orcish Mines
 25000 | Orc:2    | Reached skill level 10 in Fighting
 25000 | Orc:2    | Found a shimmering altar of Xom.
 25022 | Orc:2    | Found a staircase to the Elven Halls.
 25150 | Orc:2    | Reached skill level 16 in Invocations
 25169 | Orc:2    | Reached skill level 1 in Armour
 25522 | Orc:2    | Found Cohu's Jewellery Emporium.
 25676 | Orc:2    | Found Fife's Jewellery Shoppe.
 25702 | Orc:2    | Found an ancient bone altar of Kikubaaqudgha.
 25773 | Orc:2    | Found a radiant altar of Vehumet.
 26133 | Orc:2    | Found Itax's Magic Scroll Shoppe.
 26142 | Orc:2    | Found Werpheet's Antique Armour Shoppe.
 26155 | Orc:2    | Bought a pair of embroidered gloves for 232 gold pieces
 26191 | Orc:2    | Bought a scroll of teleportation for 39 gold pieces
 26191 | Orc:2    | Bought a scroll of magic mapping for 97 gold pieces
 26191 | Orc:2    | Bought a scroll of summoning for 123 gold pieces
 26191 | Orc:2    | Bought a scroll of fog for 52 gold pieces
 26191 | Orc:2    | Bought a scroll of blinking for 97 gold pieces
 26191 | Orc:2    | Bought a scroll of magic mapping for 97 gold pieces
 27085 | D:12     | Found a radiant altar of Vehumet.
 27295 | D:13     | Noticed Kirke
 27304 | D:13     | Reached XP level 15. HP: 107/115 MP: 22/27
 27314 | D:13     | Killed Kirke
 28164 | D:13     | Found a gate to the Vaults.
 28614 | D:13     | Found a runed translucent door.
 28743 | D:13     | Identified the +6 whip "Beuwer" {freeze, +Blink rC++ Str-4
                  | SInv}
 28747 | D:13     | Found a runed translucent gate.
 28747 | D:13     | Found a runed translucent gate.
 28747 | D:13     | Found a runed translucent gate.
 28747 | D:13     | Found a runed translucent gate.
 28747 | D:13     | Found a runed translucent gate.
 28747 | D:13     | Found a runed translucent gate.
 28946 | D:6      | Bought a scroll of summoning for 266 gold pieces
 28946 | D:6      | Bought a scroll of poison for 112 gold pieces
 28946 | D:6      | Bought a scroll labelled GUVEQO SEG for 28 gold pieces
 28948 | D:6      | Acquired the +8 demon trident "Boesk" {venom, Dex+3}
 29300 | D:14     | Noticed Snorg
 29304 | D:14     | Snorg changed into Snorg the queen bee
 29304 | D:14     | Noticed Snorg
 29308 | D:14     | Killed Snorg the queen bee
 29809 | D:14     | Found a sparkling altar of Nemelex Xobeh.
 30709 | D:15     | Entered Level 15 of the Dungeon
 31283 | D:15     | Reached XP level 16. HP: 81/125 MP: 5/28
 31300 | D:15     | Reached skill level 5 in Dodging
 31552 | D:15     | Found a broken altar of Ashenzari.
 32013 | D:15     | Found a staircase to the Depths.
 32272 | Swamp:1  | Entered Level 1 of the Swamp
 32304 | Swamp:1  | Noticed Nikola
 32328 | Swamp:1  | Killed Nikola
 32329 | Swamp:1  | Reached skill level 5 in Armour
 35237 | Swamp:3  | Reached skill level 17 in Invocations
 35482 | Swamp:3  | Found a runed translucent gate.
 35483 | Swamp:3  | Found a runed translucent gate.
 35484 | Swamp:3  | Found a runed translucent gate.
 35486 | Swamp:3  | Noticed Gydif's ghost (adept DsGl)
 35967 | Swamp:4  | Entered Level 4 of the Swamp
 35975 | Swamp:4  | Killed a thorn hunter
 36659 | Swamp:4  | Reached XP level 17. HP: 69/133 MP: 21/29
 36695 | Swamp:4  | Reached skill level 15 in Polearms
 37481 | Swamp:4  | Got a decaying rune of Zot
 37729 | Elf:1    | Entered Level 1 of the Elven Halls
 38294 | Elf:1    | Killed from afar by a deep elf annihilator

Illustrated notes

Levels and vault maps discovered:
D:1:      dpeg_arrival_water_altar, layout_rooms
D:2:      layout_basic, serial_shops, shop,
          hellmonk_ecumenical_altar_heavens_door
D:3:      layout_loops_corners, mainiacjoe_overflow_cross_hatched, uniq_robin
D:4:      layout_gridville
D:5:      layout_loops_cross, chequers_temple_overflow_statue_of_worship,
          nicolae_hepliaklqana_hazy_memory, uniq_edmund, uniq_blork_the_orc,
          uniq_duvessa
D:6:      layout_loops_corners, minmay_temple_entry_hall, serial_shops,
          nicolae_take_the_stairs, chequers_serial_rivers_room_b
D:7:      layout_loops_cross
D:8:      layout_rooms, lemuel_coloured_pillars_altar, lair_entry_dummy,
          uniq_grum, uniq_pikel
D:9:      layout_basic, uniq_psyche
D:10:     layout_layer_cave, led_sif_pool
D:11:     nzn_winding_woodlands_small [nzn_winding_woodlands_5x15_pockets,
          nzn_winding_woodlands_center_garden,
          nzn_winding_woodlands_5x15_cabin], layout_cave_pods,
          nzn_ghost_randoct, uniq_nergalle, uniq_maurice
D:12:     layout_roguey, hiddenorc1_lemuel, vehumet_altar_wand_db
D:13:     gammafunk_indiana_jones, layout_basic, david_vaults_5, uniq_kirke
D:14:     layout_gridville, minmay_misc_feat_roman,
          nemelex_diamond_rough_becter, uniq_snorg
D:15:     grunt_enter_depths_magical_seal, layout_long_grid,
          minmay_misc_feat_nine_boxes, nicolae_ashenzari_skybound
Temple:   nicolae_temple_superstar
Lair:1:   layout_gridlike, serial_forest, infiniplex_forest_zigzag_1,
          infiniplex_forest_pool, infiniplex_forest_diagonal,
          infiniplex_forest_end_3, infiniplex_forest_lined_room_2,
          infiniplex_forest_zigzag_1, infiniplex_forest_corner_1, uniq_amaemon
Lair:2:   minmay_lair_oklob_chamber, layout_loops_ring,
          skrybe_swamp_entry_bodies, spider_nest_entry_funnel_web,
          nicolae_lair_grazing_beasts [nicolae_sub_lair_graze_edge,
          nicolae_sub_lair_graze_edge, nicolae_sub_lair_graze_edge,
          nicolae_sub_lair_graze_edge], serial_bayou_shore_b, uniq_sonja
Lair:3:   regret_index_tunnel_blossom, layout_regular_city
Lair:4:   layout_layer_cave, slime_entry_1
Lair:5:   gammafunk_lair_ancient_temple, layout_cave_pods,
          portal_ice_cave_entry_pillars_1, serial_bayou_shore_b
Swamp:1:  layout_basic_swamp, evilmike_swamp_ruin_house_4,
          infiniplex_staircase_pool, uniq_nikola
Swamp:2:  layout_basic_swamp, evilmike_swamp_ruin_rubble_2
Swamp:3:  layout_falls_marsh, gammafunk_ghost_hydra_chop,
          evilmike_swamp_ruin_house_1
Swamp:4:  swamp_alternative, layout_basic_swamp
Orc:1:    layout_caves
Orc:2:    kennysheep_orc_mage_school, layout_diamond_mine, basic_altar
Elf:1:    elf_arrival_001, layout_loops_corners, minmay_elf_annihilation

Skill      XL: |  1  2  3  4  5  6  7  8  9 10 11 12 13 14 15 16 17 |
---------------+----------------------------------------------------+-----
Necromancy     | 5 6 7 8 10 11 12 13 | 13.3
Fighting       | 2 4 6 8 9 10 11 12 | 12.5
Invocations    | 3 6 10 11 13 15 16 17 | 17.3
Polearms       | 5 8 11 13 14 15 | 15.1
Dodging        | 2 4 6 |  6.9
Armour         | 2 4 7 8 |  8.1
Stealth        | |  1.5
Spellcasting   | |  2.6

Action                   |  1- 3 |  4- 6 |  7- 9 | 10-12 | 13-15 | 16-18 || total
-------------------------+-------+-------+-------+-------+-------+-------++-------
Melee: Spear             |    59 |    61 |    59 |   342 |   597 |       ||  1118
       Punch             |     2 |       |       |     6 |     6 |     5 ||    19
       Quarterstaff      |       |     9 |       |       |       |       ||     9
       Demon trident     |       |       |       |       |   152 |   594 ||   746
Throw: Stone             |     3 |       |       |       |       |       ||     3
       Dart              |       |     1 |    24 |    37 |    28 |     7 ||    97
       Boomerang         |       |       |     1 |     4 |       |       ||     5
 Cast: Necrotise         |    57 |    84 |   154 |   210 |    75 |     6 ||   586
       Vampiric Draining |       |     6 |    28 |   150 |   164 |    46 ||   394
       Sting             |       |       |     2 |       |     1 |       ||     3
       Dispel Undead     |       |       |     6 |     8 |     6 |    11 ||    31
       Cigotuvi's Dreadf |       |       |     5 |     3 |       |       ||     8
Invok: Grow Ballistomyce |       |       |       |     7 |    26 |     5 ||    38
       Wall of Briars    |       |       |       |     6 |    38 |    12 ||    56
       Overgrow          |       |       |       |       |       |     1 ||     1
Evoke: Wand              |     3 |     2 |    21 |    39 |    13 |    35 ||   113
       Phantom mirror    |       |       |       |       |     1 |     1 ||     2
  Use: Scroll            |     2 |     4 |     8 |    13 |     6 |     7 ||    40
 Stab: Sleeping          |     2 |     1 |     1 |       |    11 |       ||    15
       Distracted        |     1 |       |       |     1 |     2 |       ||     4
       Invisible         |       |       |       |       |     2 |     2 ||     4
       Confused          |       |       |       |       |     4 |     2 ||     6
       Petrifying        |       |       |       |       |     1 |       ||     1
Armor: Robe              |    11 |     3 |    16 |   167 |   155 |     2 ||   354
       Leather armour    |       |    15 |    25 |       |       |       ||    40
       Plate armour      |       |       |       |       |       |   290 ||   290
Dodge: Dodged            |    33 |    39 |    69 |   299 |   236 |   150 ||   826
Block: Other             |       |    20 |    33 |   118 |    76 |    80 ||   327
       Reflection        |       |       |       |     1 |     2 |     1 ||     4

Table legend: (Time is in decaauts)
 A = Elapsed time spent in this place.
 B = Non-inter-level travel time spent in this place.
 C = Inter-level travel time spent in this place.
 D = Time resting spent in this place.
 E = Time spent auto-exploring this place.
 F = Levels seen in this place.
 G = Mean time per level.
                   A        B        C        D        E       F      G
               +--------+--------+--------+--------+--------+-----+--------+
         Total |  37864 |  35733 |   2131 |   9939 |  13079 |  28 | 1352.3 |
       Dungeon |  20567 |  18941 |   1626 |   4156 |   7816 |  15 | 1371.1 |
        Temple |     46 |     24 |     22 |      0 |      0 |   1 |   46.0 |
          Lair |   9563 |   9235 |    328 |   3145 |   3407 |   5 | 1912.6 |
         Swamp |   5130 |   5043 |     87 |   2415 |   1108 |   4 | 1282.5 |
  Orcish Mines |   2014 |   1947 |     67 |     18 |    645 |   2 | 1007.0 |
   Elven Halls |    541 |    541 |      0 |    205 |    102 |   1 |  541.0 |
               +--------+--------+--------+--------+--------+-----+--------+

Top non-repeatable levels by time:
  Lair:3: 2519 daAuts
    D:11: 2122 daAuts
  Lair:5: 1838 daAuts
     D:6: 1836 daAuts
    D:14: 1810 daAuts
  Lair:4: 1803 daAuts
  Lair:1: 1727 daAuts
 Swamp:1: 1720 daAuts
  Lair:2: 1673 daAuts
 Swamp:3: 1572 daAuts
    D:13: 1548 daAuts
   Orc:2: 1537 daAuts
     D:9: 1524 daAuts
     D:8: 1435 daAuts
     D:7: 1396 daAuts
